 Dungeon Crawl Stone Soup version 0.18.1-5-g4a78601 (console) character file.

77 2d6 the Chopper (level 4, -1/28 HPs)
             Began as a Tengu Chaos Knight on May 12, 2016.
             Was an Initiate of Ashenzari.
             Slain by an orc wizard
             ... wielding a +0 dagger
              (4 damage)
             ... on level 3 of the Dungeon.
             The game lasted 00:13:03 (1440 turns).

2d6 the Chopper (Tengu Chaos Knight)                Turns: 1440, Time: 00:13:03

Health: -1/28      AC:  5    Str: 14    XL:     4   Next: 34%
Magic:  5/5        EV: 11    Int: 12    God:    Ashenzari [......]
Gold:   66         SH:  0    Dex: 13    Spells: 0 memorised, 3 levels left

rFire  . . .     SeeInvis .     a - +0 hand axe (chaos)
rCold  . . .     Gourm    .     l - +0 ring mail
rNeg   . . .     Faith    .     (no shield)
rPois  .         Spirit   .     (helmet restricted)
rElec  .         Dismiss  .     (no cloak)
rCorr  .         Reflect  .     (no gloves)
SustAt .         Harm     .     (boots unavailable)
MR     .....                    (no amulet)
Stlth  +.........               (no ring)
                                (no ring)

@: slowed, very slow, not resistant to hostile enchantments, very unstealthy
A: beak, talons 3
a: Curse Item, Renounce Religion


You were on level 3 of the Dungeon.
You worshipped Ashenzari.
Ashenzari was noncommittal.
You were not hungry.

You visited 1 branch of the dungeon, and saw 3 of its levels.

You collected 66 gold pieces.

Inventory:

Hand Weapons
 a - a +0 hand axe of chaos (weapon)
 b - a +2 hunting sling of flaming
 m - a +2 dagger of draining
Missiles
 h - 43 sling bullets
 j - 66 arrows
 n - 53 stones (quivered)
 q - 14 poisoned needles
Armour
 l - a +0 ring mail (worn)
 s - a +2 leather armour
Scrolls
 f - 4 scrolls of teleportation {unknown}
 g - a scroll of identify {unknown}
 i - 2 scrolls of recharging {unknown}
 k - a scroll of noise {unknown}
Potions
 d - 2 potions of curing
 e - 2 potions of agility {unknown}
 o - a potion of resistance {unknown}
 p - 2 potions of might {unknown}
 t - a potion of haste {unknown}
Comestibles
 c - 3 bread rations
 r - a beef jerky
 v - a fruit


   Skills:
 + Level 3.3 Fighting
 + Level 3.9 Axes
 + Level 0.8(1.0) Slings
 + Level 0.8(1.0) Throwing
 + Level 3.1 Armour
 + Level 2.0 Dodging


You had 3 spell levels left.
You didn't know any spells.

Dungeon Overview and Level Annotations

Branches:
Dungeon (3/15)

Altars:
Ashenzari
Cheibriados
Sif Muna


Innate Abilities, Weirdness & Mutations

You have a beak for a mouth.
You have claws for feet.


Message History

The orc wizard casts a spell.
The orc wizard blinks!
You barely miss the orc wizard.
The orc wizard is severely wounded.
The orc wizard hits you but does no damage.
The orc wizard gestures at you while chanting.
You feel yourself slow down.
You barely miss the orc wizard. You claw the orc wizard.
The orc wizard is severely wounded.
The orc wizard mumbles some strange words.
The orc wizard blinks!
The orc wizard gestures at you while chanting.
The magic dart hits you!
* * * LOW HITPOINT WARNING * * *
The orc wizard closely misses you.
The orc wizard points at you and mumbles some strange words.
The magic dart hits you!
* * * LOW HITPOINT WARNING * * *
The orc wizard hits you with a dagger.
You die...

...<...<.#(#.##.#
......#..#.#.##.#.##
#.....##>..........
.
#........#.######.#
.#
(####.#...[...###.#
...
#....#.##.#...#...#
######)##.#..)...#
#.##..o...#
#.####@####...
#........?....
######.#####.. ..#
####


You could see an orc wizard.

Vanquished Creatures
  An orc wizard (D:3)
  An adder (D:2)
  A worm (D:2)
  4 giant geckos
  An orc (D:3)
  3 bats
  A giant cockroach (D:3)
  6 goblins (D:1)
  4 hobgoblins
  2 kobolds
  A ball python (D:2)
  A giant newt (D:1)
  6 rats
32 creatures vanquished.

Notes
Turn   | Place    | Note
--------------------------------------------------------------
     0 | D:1      | 2d6 the Tengu Chaos Knight began the quest for the Orb.
     0 | D:1      | Reached XP level 1. HP: 14/14 MP: 2/2
     5 | D:1      | XOM: silly message
   142 | D:1      | Reached XP level 2. HP: 17/19 MP: 3/3
   211 | D:1      | XOM: harmless Chrm miscast
   427 | D:1      | XOM: mild Necr miscast
   576 | D:1      | XOM: 3-stop teleportation journey
   638 | D:1      | Reached XP level 3. HP: 20/23 MP: 4/4
  1357 | D:2      | Found a snail-covered altar of Cheibriados.
  1360 | D:2      | Found a deep blue altar of Sif Muna.
  1363 | D:2      | Found a shattered altar of Ashenzari.
  1367 | D:2      | Fell from the grace of Xom
  1367 | D:2      | Became a worshipper of Ashenzari the Shackled
  1413 | D:3      | Reached XP level 4. HP: 9/28 MP: 5/5
  1440 | D:3      | Slain by an orc wizard

Skill      XL: |  1  2  3 |
---------------+----------+-----
Armour         | 3 |  3.1
Dodging        | 2 |  2.0
Fighting       | |  3.3
Axes           | |  3.9
Slings         | |  0.8
Throwing       | |  0.8

Action                   |  1- 3 |  4- 6 || total
-------------------------+-------+-------++-------
Melee: Hand axe          |    71 |     5 ||    76
       Kick              |    13 |     1 ||    14
       Peck              |     5 |       ||     5
 Fire: Hunting sling     |     5 |     2 ||     7
Throw: Stone             |     6 |       ||     6
  Use: Potion            |     1 |       ||     1
 Stab: Paralysed         |     1 |       ||     1
       Petrifying        |     2 |       ||     2
  Eat: Chunk             |     1 |     1 ||     2
Armor: Leather armour    |     6 |       ||     6
       Ring mail         |    21 |     1 ||    22
Dodge: Dodged            |    34 |     2 ||    36
